 Dungeon Sprint DCSS version 0.25-b1-37-g2669288c55 (webtiles) character file.

Game seed: 17600869090100417770

1684 Chiseanne the Fighter (level 8, -10/78 HPs)
             Began as a Demonspawn Berserker on June 4, 2020.
             Was a Priest of Trog.
             Mangled by a centaur warrior (15 damage)
             ... in the Dungeon (Sprint I: "Red Sonja").
             The game lasted 00:04:34 (814 turns).

Chiseanne the Fighter (Demonspawn Berserker)         Turns: 814, Time: 00:04:35

Health: -10/78     AC:  5    Str: 17    XL:     8   Next: 71%
Magic:  8/8        EV: 23    Int:  8    God:    Trog [***...]
Gold:   715        SH:  0    Dex: 16    Spells: 7/7 levels left

rFire    + . .     SeeInvis .   a - +0 scythe (flame)
rCold    + . .     Gourm    .   (shield currently unavailable)
rNeg     . . .     Faith    .   m - +2 robe {rC+ rF+}
rPois    .         Spirit   .   (no helmet)
rElec    .         Reflect  .   c - +0 cloak
rCorr    .         Harm     .   (no gloves)
MR       .....     NoTele   +   (no boots)
Stlth    +.........             (no amulet)
HPRegen  0.23/turn              (no ring)
MPRegen  0.11/turn              (no ring)

@: berserk cooldown, slowed, very slow
A: hooves 2, repulsion field 1, foul stench 1, rot immunity
a: Berserk, Trog's Hand, Renounce Religion


You were in the Dungeon.
You worshipped Trog.
Trog was most pleased with you.
You were not hungry.

You visited 1 branch You collected 760 gold pieces.
You spent 45 gold pieces at shops.

Inventory:

Hand Weapons
 a - a +0 scythe of flaming (weapon)
Missiles
 e - a throwing net
 o - 34 poisoned darts
 p - 8 curare-tipped darts (quivered)
Armour
 b - a +0 pair of gloves
 c - a +0 cloak (worn)
 m - a +2 robe of resistance (worn)
Jewellery
 n - a cursed -4 ring of strength {unknown}
Scrolls
 i - a scroll of blinking
Potions
 d - 2 potions of curing
 g - 2 potions of magic
 h - a potion of berserk rage


   Skills:
 * Level 12.6 Fighting
   Level 6.5 Axes
 - Level 5.2 Armour
 * Level 11.5 Dodging


You had 7 spell levels left.
You didn't know any spells.
Your spell library was empty.

Dungeon Overview and Level Annotations

Branches:
Dungeon (1/1)

Altars:
Cheibriados
Dithmenos
Elyvilon
Fedhas
Gozag
Hepliaklqana
Kikubaaqudgha
Nemelex Xobeh
Okawaru
Qazlal
Ru
Sif Muna
Trog
Uskayaw
Vehumet
Wu Jian
Yredelemnul
Zin
The Shining One

Shops:
D ::[


Innate Abilities, Weirdness & Mutations

You have hoof-like feet.
You are surrounded by a mild repulsion field. (EV +2)
You may emit foul miasma when damaged in melee.
You are immune to rotting.


Message History

The centaur warrior hits you.
* * * LOW HITPOINT WARNING * * *
The centaur warrior misses you. The centaur warrior hits you!
* * * LOW HITPOINT WARNING * * *
The centaur warrior closely misses you.
You feel better. The centaur warrior hits you!
* * * LOW HITPOINT WARNING * * *
The centaur warrior hits you.
* * * LOW HITPOINT WARNING * * *
Okay, then.
Okay, then.
Evoke which item? (* to show all) (? for menu, Esc to quit)
Okay, then.
You barely miss the centaur warrior. You kick the centaur warrior.
The centaur warrior is moderately wounded.
The centaur warrior hits you.
* * * LOW HITPOINT WARNING * * *
The centaur warrior closely misses you. The centaur warrior barely misses you.
The centaur warrior hits you!
You die...

.#..)..#.)'..#
.'..#..'÷.#..+
.#####'#####'# #
[####..#...#.####§§
.#__####..##.#§≈§§§#
.#_____##'#_.+§§§§.+
⌠#_.∩..†'..._#§§§§.#
##_..__##_.#'##c###
#_____###'#.#.§@(###
##########.####'###.##
........'...'.....'[∩#
#++++####...##########
###.### #.#'#.#
#.....# #.....#
#######


You could see a centaur warrior (sick).

Vanquished Creatures
  A centaur warrior (D)
  A deep troll (D)
  Sigmund (D)
  A yak (D)
  An ice beast (D)
  An ogre (D)
  A scorpion (D)
  Ijyb (D)
8 creatures vanquished.

Vanquished Creatures (others)
  A gargoyle (D)
  2 ballistomycete spores (D)
3 creatures vanquished.

Grand Total: 11 creatures vanquished

Notes
Turn   | Place    | Note
-------+----------+-------------------------------------------
     0 | D        | Chiseanne the Demonspawn Berserker began the quest for the
                  | Orb.
     0 | D        | Reached XP level 1. HP: 18/18 MP: 1/1
     1 | D        | Noticed Ijyb
    24 | D        | Killed Ijyb
    24 | D        | Reached skill level 4 in Fighting
    24 | D        | Gained mutation: You are immune to rotting. [demonic
                  | ancestry]
    24 | D        | Reached XP level 2. HP: 26/26 MP: 2/2
   118 | D        | Noticed an ogre
   121 | D        | Killed an ogre
   121 | D        | Reached skill level 5 in Fighting
   121 | D        | Reached skill level 5 in Axes
   121 | D        | Gained mutation: You have large cloven feet. [demonic
                  | ancestry]
   121 | D        | Reached XP level 3. HP: 34/34 MP: 3/3
   121 | D        | Reached XP level 4. HP: 40/40 MP: 4/4
   165 | D        | Noticed Sigmund
   171 | D        | Killed Sigmund
   171 | D        | Reached ** piety under Trog
   171 | D        | Reached skill level 7 in Fighting
   171 | D        | Reached skill level 5 in Armour
   171 | D        | Gained mutation: You may emit foul miasma when damaged in
                  | melee. [demonic ancestry]
   171 | D        | Reached XP level 5. HP: 48/48 MP: 5/5
   222 | D        | Found a shimmering blue altar of Sif Muna.
   223 | D        | Found an ornate altar of the Wu Jian Council.
   224 | D        | Found a radiant altar of Vehumet.
   230 | D        | Gained mutation: You have hoof-like feet. [demonic
                  | ancestry]
   230 | D        | Reached XP level 6. HP: 56/56 MP: 6/6
   275 | D        | Found Gypa's Book Emporium.
   275 | D        | Found an ancient bone altar of Kikubaaqudgha.
   275 | D        | Found a hazy altar of Hepliaklqana.
   275 | D        | Found a stormy altar of Qazlal.
   275 | D        | Found a hide-covered altar of Uskayaw.
   275 | D        | Found a blossoming altar of Fedhas.
   275 | D        | Found a bloodstained altar of Trog.
   275 | D        | Found an iron altar of Okawaru.
   275 | D        | Found a basalt altar of Yredelemnul.
   275 | D        | Found a glowing golden altar of the Shining One.
   275 | D        | Found a snail-covered altar of Cheibriados.
   275 | D        | Found a sacrificial altar of Ru.
   275 | D        | Found a glowing silver altar of Zin.
   275 | D        | Found a shadowy altar of Dithmenos.
   275 | D        | Found a white marble altar of Elyvilon.
   275 | D        | Noticed a yak
   283 | D        | Killed a yak
   283 | D        | Reached skill level 8 in Fighting
   284 | D        | Found an opulent altar of Gozag.
   285 | D        | Found a sparkling altar of Nemelex Xobeh.
   295 | D        | Noticed Sonja
   308 | D        | Noticed Sonja
   308 | D        | Sonja changed into Sonja the ice beast
   317 | D        | Killed Sonja the ice beast
   317 | D        | Reached *** piety under Trog
   317 | D        | Reached skill level 9 in Fighting
   317 | D        | Reached XP level 7. HP: 15/64 MP: 7/7
   641 | D        | Found Teum's Book Boutique.
   663 | D        | Noticed a deep troll
   671 | D        | Killed a deep troll
   671 | D        | Reached skill level 11 in Fighting
   671 | D        | Reached skill level 10 in Dodging
   671 | D        | Gained mutation: You are surrounded by a mild repulsion
                  | field. (EV +2) [demonic ancestry]
   671 | D        | Reached XP level 8. HP: 67/75 MP: 8/8
   682 | D        | Found Busmon's Armour Emporium.
   689 | D        | Bought a +0 cloak for 45 gold pieces
   715 | D        | Killed a gargoyle
   801 | D        | Noticed a centaur warrior
   801 | D        | Noticed a centaur warrior
   809 | D        | Killed a centaur warrior
   809 | D        | Reached skill level 12 in Fighting
   814 | D        | Mangled by a centaur warrior

Illustrated notes

Levels and vault maps discovered:
D:        dungeon_sprint_1 [red_sonja_temple_1, red_sonja_temple_small_1]

Skill      XL: |  1  2  3  4  5  6  7  8 |
---------------+-------------------------+-----
Fighting       | 4 5 7 9 11 12 | 12.6
Axes           | 4 5 6 |  6.5
Dodging        | 3 4 6 8 10 11 | 11.5
Armour         | 3 5 |  5.2

Action                   |  1- 3 |  4- 6 |  7- 9 || total
-------------------------+-------+-------+-------++-------
Melee: Unarmed           |    17 |       |       ||    17
       Hand axe          |     2 |     4 |       ||     6
       Kick              |       |     7 |     3 ||    10
       Scythe            |       |    19 |    11 ||    30
Throw: Dart              |       |       |     2 ||     2
Invok: Berserk           |     2 |     3 |     2 ||     7
Evoke: Wand              |       |     2 |       ||     2
  Use: Potion            |       |     2 |     1 ||     3
       Scroll            |       |       |     1 ||     1
  Eat: Chunk             |       |     2 |     1 ||     3
       Ration            |       |       |     1 ||     1
Armor: Robe              |       |     3 |     3 ||     6
Dodge: Dodged            |     3 |    30 |    15 ||    48
